 Dungeon Crawl Stone Soup version 0.18.1-8-gdd0e5ea (webtiles) character file.

199 KrisztiCat the Conjurer (level 5, -13/28 HPs)
             Began as a Deep Elf Conjurer on June 5, 2016.
             Mangled by an ogre
             ... wielding a +0 giant club
              (15 damage)
             ... while paralysed by Grinder
             ... on level 4 of the Dungeon.
             The game lasted 00:27:25 (3283 turns).

KrisztiCat the Conjurer (Deep Elf Conjurer)         Turns: 3283, Time: 00:27:26

Health: -13/28     AC:  7    Str:  6    XL:     5   Next: 48%
Magic:  11/11      EV:  2    Int: 20    God:
Gold:   179        SH:  0    Dex: 15    Spells: 2 memorised, 7 levels left

rFire  + . .     SeeInvis .     p - +0 dagger
rCold  . . .     Gourm    .     e - +2 animal skin
rNeg   . . .     Faith    .     (no shield)
rPois  .         Spirit   .     q - +1 helmet
rElec  .         Dismiss  .     s - +0 cloak
rCorr  .         Reflect  .     (no gloves)
SustAt .         Harm     .     (no boots)
MR     .....                    o - amulet of regeneration
Stlth  ++........               (no ring)
                                j - ring of protection from fire

@: paralysed, not resistant to hostile enchantments, unstealthy
A: no striking features
a: no special abilities


You were on level 4 of the Dungeon.
You were not hungry.

You visited 1 branch of the dungeon, and saw 4 of its levels.

You collected 179 gold pieces.

Inventory:

Hand Weapons
 p - a +0 dagger (weapon)
Armour
 a - a +0 robe
 e - a +2 animal skin (worn)
 q - a +1 helmet (worn)
 s - a +0 cloak (worn)
Jewellery
 j - a ring of protection from fire (left hand)
 o - an amulet of regeneration (around neck)
Scrolls
 r - a scroll of blinking
Potions
 d - a potion of invisibility {unknown}
 g - a potion of might
 i - a potion of cure mutation
 k - 2 potions of mutation
 l - a potion of heal wounds
 n - a potion of curing
Books
 b - a book of Conjurations

   Spells                             Type                      Level
   a - Magic Dart                     Conjuration                  1
   b - Searing Ray                    Conjuration                  2
   c - Dazzling Spray                 Conjuration/Hexes            3
   d - Fulminant Prism                Conjuration/Hexes            4
   e - Iskenderun's Mystic Blast      Conjuration                  4
   f - Iskenderun's Battlesphere      Conjuration/Charms           5
Comestibles
 c - 2 bread rations
 f - 2 meat rations
 m - a royal jelly


   Skills:
 - Level 0.5 Fighting
 - Level 2.4 Dodging
 - Level 2.4 Stealth
 - Level 3.0 Spellcasting
 + Level 7.3 Conjurations


You had 7 spell levels left.
You knew the following spells:

 Your Spells              Type           Power        Failure   Level  Hunger
a - Magic Dart            Conj           ####         1%          1    None
b - Searing Ray           Conj           ####..       1%          2    ##.....


Dungeon Overview and Level Annotations

Branches:
Dungeon (4/15)
 Temple: D:4-7

Altars:
Pakellas

Annotations:
D:4 Blork the orc, Grinder, Sigmund


Message History

You see here a robe.
There is a stone staircase leading down here.
You climb downwards.
Level annotation: Blork the orc, Sigmund Grinder comes into view.
The ogre shouts!
Blork the orc shouts!
Grinder shouts!
You hear a shout!
Blork the orc hits you from afar with a trident.
The giant newt barely misses you. The ogre hits you with a giant club.
Grinder gestures at you.
You suddenly lose the ability to move!
The giant newt bites you.
Blork the orc points at you and mumbles some strange words.
The magic dart hits you! The ogre hits you with a giant club!
* * * LOW HITPOINT WARNING * * *
The giant newt bites you but does no damage.
Blork the orc hits you from afar with a trident.
* * * LOW HITPOINT WARNING * * *
The ogre hits you with a giant club!
Ouch! That really hurt!
You die...

#.........#
#........##.>.
#....##..... @
..S...# .Z...
.#....#
....@.. #.#..#
..Z.##. #.#..#
..#.# #.#...#
#@O...#
#.l#..# ..o..
..# .......# #
5..##.#.# ....
.#.# ..... ..
# ...### #..


You could see Grinder, Blork the orc, Sigmund, an ogre, an adder, a giant newt
and a jackal skeleton.

Vanquished Creatures
  Natasha (D:2)
  Terence (D:2)
  A worker ant (D:2)
  Robin (D:2)
  2 adders
  2 oozes (D:3)
  3 worms
  A dart slug (D:2)
  3 giant geckos
  5 bats
  A giant cockroach (D:3)
  20 goblins
  12 hobgoblins
  2 quokkas
  2 ball pythons
  6 giant newts
  4 kobolds
  6 rats
73 creatures vanquished.

Notes
Turn   | Place    | Note
--------------------------------------------------------------
     0 | D:1      | KrisztiCat the Deep Elf Conjurer began the quest for the Orb.
     0 | D:1      | Reached XP level 1. HP: 10/10 MP: 6/6
   329 | D:1      | Reached skill level 5 in Conjurations
   329 | D:1      | Reached XP level 2. HP: 14/15 MP: 0/8
   421 | D:1      | Learned a level 2 spell: Searing Ray
  1139 | D:2      | Found an oddly glowing altar of Pakellas.
  1322 | D:2      | Noticed Terence
  1382 | D:2      | Killed Terence
  1382 | D:2      | Reached XP level 3. HP: 19/19 MP: 2/9
  1692 | D:2      | Found a faded altar to an unknown god.
  1724 | D:2      | Reached skill level 6 in Conjurations
  1790 | D:2      | Noticed Robin
  1841 | D:2      | Reached XP level 4. HP: 24/24 MP: 4/10
  2029 | D:2      | Killed Robin
  2170 | D:2      | Noticed Natasha
  2179 | D:2      | Killed Natasha
  2373 | D:2      | Reached skill level 7 in Conjurations
  2373 | D:2      | Reached XP level 5. HP: 28/28 MP: 4/11
  2730 | D:4      | Noticed Blork the orc
  2730 | D:4      | Noticed an ogre
  2915 | D:4      | Noticed Sigmund
  3281 | D:4      | Noticed Grinder
  3281 | D:4      | Paralysed by Grinder for 5 turns
  3283 | D:4      | Mangled by an ogre

Skill      XL: |  1  2  3  4 |
---------------+-------------+-----
Conjurations   | 5 6 7 |  7.3
Fighting       | |  0.5
Dodging        | |  2.4
Stealth        | |  2.4
Spellcasting   | |  3.0

Action                   |  1- 3 |  4- 6 || total
-------------------------+-------+-------++-------
Melee: Dagger            |     1 |     3 ||     4
 Cast: Magic Dart        |    82 |    66 ||   148
       Searing Ray       |     4 |     6 ||    10
  Use: Scroll            |     5 |     6 ||    11
  Eat: Chunk             |     3 |     4 ||     7
Armor: Robe              |     1 |       ||     1
       Animal skin       |       |     2 ||     2
Dodge: Dodged            |    17 |    11 ||    28
